 Dungeon Crawl Stone Soup version 0.19-a0-1589-ge51c82a (webtiles) character file.

2858 Ryco the Cleaver (level 9, 0/75 HPs)
             Began as a Minotaur Fighter on Sept 16, 2016.
             Was an Initiate of Okawaru.
             Killed from afar by a steam dragon (19 damage)
             ... with a ball of steam
             ... on level 8 of the Dungeon.
             The game lasted 00:25:42 (4148 turns).

Ryco the Cleaver (Minotaur Fighter)                 Turns: 4148, Time: 00:25:43

Health: 0/75       AC: 17    Str: 23    XL:     9   Next: 47%
Magic:  8/8        EV:  6    Int:  5    God:    Okawaru [......]
Gold:   56         SH:  9    Dex: 11    Spells: 0 memorised, 8 levels left

rFire  . . .     SeeInvis .     a - +1 war axe
rCold  . . .     Gourm    .     L - +0 plate armour
rNeg   + . .     Faith    .     c - +0 shield
rPois  +         Spirit   .     (helmet restricted)
rElec  .         Dismiss  .     d - +0 cloak
rCorr  .         Reflect  .     i - +0 pair of gloves
MR     .....     Harm     .     J - +0 pair of boots
Stlth  ..........               (no amulet)
                                A - ring of poison resistance
                                C - ring of positive energy

@: no status effects
A: retaliatory headbutt, horns 2
a: Renounce Religion


You were on level 8 of the Dungeon.
You worshipped Okawaru.
Okawaru was noncommittal.
You were not hungry.

You visited 2 branches of the dungeon, and saw 9 of its levels.
You also visited: Ossuary.

You collected 336 gold pieces.
You spent 280 gold pieces at shops.

Inventory:

Hand Weapons
 a - a +1 war axe (weapon)
 s - a +0 hand axe
 H - a +1 whip of venom
Missiles
 e - 8 tomahawks (quivered)
Armour
 c - a +0 shield (worn)
 d - a +0 cloak (worn)
 i - a +0 pair of gloves (worn)
 J - a +0 pair of boots (worn)
 L - a +0 plate armour (worn)
Jewellery
 j - an uncursed ring of fire
 A - a ring of poison resistance (right hand)
 C - a ring of positive energy (left hand)
Wands
 b - a wand of acid (12/15)
 F - a wand of slowing (17/48)
Scrolls
 g - a scroll of silence {unknown}
 h - a scroll of noise {unknown}
 k - 2 scrolls of remove curse
 l - 2 scrolls of enchant weapon
 m - a scroll of teleportation
 p - 3 scrolls of fog {unknown}
 w - 3 scrolls of immolation {unknown}
 y - a scroll of blinking {unknown}
 E - 2 scrolls of enchant armour {unknown}
 G - a scroll of random uselessness {unknown}
 I - a scroll of fear {unknown}
 K - 2 scrolls of torment {unknown}
Potions
 n - a potion of might
 q - 3 potions of agility
 r - 2 potions of cancellation
 t - 2 potions of invisibility
 u - 2 potions of berserk rage
 v - 5 potions of curing
 x - a potion of flight
 z - 2 potions of brilliance
 B - 4 potions of lignification
 D - a potion of magic {unknown}
Comestibles
 f - 5 bread rations
 o - 4 meat rations
 M - 2 chunks of flesh


   Skills:
 + Level 6.0 Fighting
 + Level 12.2 Axes
 - Level 1.7 Throwing
 * Level 7.0 Armour
 * Level 4.6 Dodging
 - Level 3.6 Shields


You had 8 spell levels left.
You didn't know any spells.

Dungeon Overview and Level Annotations

Branches:
Dungeon (8/15)             Temple (1/1) D:7
   Lair: D:8-11

Altars:
Ashenzari
Cheibriados
Dithmenos
Elyvilon
Fedhas
Gozag
Hepliaklqana
Kikubaaqudgha
Makhleb
Nemelex Xobeh
Okawaru
Qazlal
Sif Muna
Uskayaw
Xom
Yredelemnul
Zin
The Shining One

Shops:
D:5 [   D:7 =


Innate Abilities, Weirdness & Mutations

You reflexively headbutt those who attack you in melee.
You have a pair of horns on your head.


Message History

An eye of draining comes into view.
You closely miss the howler monkey.
The howler monkey is heavily wounded.
Your plate armour prevents you from hitting the killer bee. x2
Your surroundings suddenly seem different.
Found 12 sling bullets and 4 gold pieces.
Found an escape hatch in the floor.
A steam dragon and a zombie come into view.
The steam dragon breathes steam at you. The ball of steam hits you!
* * * LOW HITPOINT WARNING * * *
You are engulfed in a cloud of scalding steam.
* * * LOW HITPOINT WARNING * * *
The adder zombie is engulfed in a cloud of scalding steam.
Okay, then.
You start resting.
Unknown command.
The steam dragon breathes steam at you. The ball of steam hits you!
You die...

..........#
..........#
..........#
.......(Z.#
..........#
..........#####
.......D.§§Z..#
#############D#
########@#.###.
...............#
................
..........#.####
..............
..........####.
..........# #
..........#
###########


You could see a steam dragon.

Vanquished Creatures
  3 yaks (D:4)
  An orc warrior (D:7)
  A black bear (D:7)
  2 ogres
  2 centaurs
  11 scorpions
  10 killer bees (D:7)
  5 hounds
  A quasit (D:6)
  4 centaur zombies
  Crazy Yiuf (D:2)
  A gnoll shaman (D:7)
  3 orc priests (D:7)
  An orc wizard (D:4)
  2 iguanas
  2 worker ants
  4 big kobold zombies (Ossuary)
  A hound zombie (D:7)
  A hound skeleton (D:4)
  4 mummies
  A howler monkey zombie (D:7)
  5 gnolls (D:7)
  An adder (D:4)
  2 scorpion zombies (Ossuary)
  2 shadow imps
  2 oozes (D:1)
  2 adder zombies (D:3)
  An adder skeleton (D:3)
  2 worms (D:2)
  2 dart slugs
  3 leopard geckos
  9 orcs
  A ball python (D:4)
  2 bats (D:1)
  8 giant cockroaches
  A gnoll zombie (Ossuary)
  2 hobgoblins
  9 jackals
  2 quokkas (D:4)
  2 frilled lizards (D:3)
  A giant cockroach zombie (D:3)
  2 goblins
  2 goblin zombies (Ossuary)
  A hobgoblin zombie (Ossuary)
  A jackal skeleton (D:3)
  2 jackal zombies (D:3)
  5 kobolds (D:1)
  2 kobold zombies
  2 orc zombies (Ossuary)
  5 rats
142 creatures vanquished.

Vanquished Creatures (others)
  An adder zombie (D:8)
1 creature vanquished.

Grand Total: 143 creatures vanquished

Notes
Turn   | Place    | Note
-------+----------+-------------------------------------------
     0 | D:1      | Ryco the Minotaur Fighter began the quest for the Orb.
     0 | D:1      | Reached XP level 1. HP: 19/19 MP: 0/0
    30 | D:1      | Reached skill level 3 in Axes
    71 | D:2      | Found a runed door.
    75 | D:2      | Noticed Crazy Yiuf
    80 | D:2      | Killed Crazy Yiuf
    80 | D:2      | Reached skill level 4 in Axes
    80 | D:2      | Reached XP level 2. HP: 15/26 MP: 1/1
    80 | D:2      | Reached XP level 3. HP: 17/31 MP: 2/2
   234 | D:3      | Found an opulent altar of Gozag.
   260 | D:3      | Reached skill level 5 in Axes
   354 | D:2      | Reached XP level 4. HP: 33/39 MP: 3/3
   680 | D:4      | Found a sand-covered staircase.
   690 | D:4      | Reached skill level 6 in Axes
   690 | D:4      | Reached XP level 5. HP: 29/45 MP: 4/4
   700 | Ossuary  | Entered an ossuary
   730 | Ossuary  | Reached skill level 7 in Axes
  1011 | Ossuary  | Reached XP level 6. HP: 46/52 MP: 5/5
  1062 | Ossuary  | Reached skill level 8 in Axes
  1096 | Ossuary  | Reached skill level 1 in Dodging
  1326 | Ossuary  | Reached XP level 7. HP: 56/60 MP: 6/6
  1591 | Ossuary  | Reached skill level 5 in Armour
  1663 | Ossuary  | Reached skill level 9 in Axes
  2022 | D:4      | Noticed a yak
  2023 | D:4      | Noticed a yak
  2032 | D:4      | Reached skill level 1 in Throwing
  2033 | D:4      | Noticed a yak
  2039 | D:4      | Killed a yak
  2046 | D:4      | Killed a yak
  2046 | D:4      | Reached XP level 8. HP: 66/67 MP: 7/7
  2053 | D:4      | Reached skill level 5 in Fighting
  2053 | D:4      | Reached skill level 10 in Axes
  2202 | D:4      | Found a deep blue altar of Sif Muna.
  2244 | D:4      | Found a shadowy altar of Dithmenos.
  2489 | D:5      | Entered Level 5 of the Dungeon
  2493 | D:5      | Found Erchy's Antique Armour Boutique.
  2499 | D:5      | Found a stormy altar of Qazlal.
  2499 | D:5      | Found a blossoming altar of Fedhas.
  2499 | D:5      | Found a glowing golden altar of the Shining One.
  2836 | D:6      | Reached skill level 11 in Axes
  2969 | D:7      | HP: 2/69 [orc priest/divine providence (16)]
  3254 | D:7      | Reached XP level 9. HP: 68/74 MP: 8/8
  3331 | D:7      | Found a hide-covered altar of Uskayaw.
  3885 | D:7      | Reached skill level 12 in Axes
  3925 | D:7      | Found Puepaent's Jewellery Boutique.
  3928 | D:7      | Bought an uncursed ring of poison resistance for 280 gold pieces
  3972 | D:7      | Found a staircase to the Ecumenical Temple.
  4023 | Temple   | Entered the Ecumenical Temple
  4043 | Temple   | Became a worshipper of Warmaster Okawaru
  4132 | D:8      | Found a sparkling altar of Nemelex Xobeh.
  4132 | D:8      | Found a glowing silver altar of Zin.
  4132 | D:8      | Noticed a troll
  4148 | D:8      | Killed from afar by a steam dragon

Vault maps used:
D:1:      dpeg_arrival_shrine
D:2:      amethyst_killhole, uniq_crazy_yiuf_cottage
D:3:      grunt_gozag_statues, lemuel_coloured_pillars_altar, serial_undead,
          serial_undead_f, serial_undead_a, serial_undead_e, serial_undead_a,
          serial_undead_b, serial_undead_e, minmay_misc_feat_tower,
          goddamned_bats
D:4:      kennysheep_little_box, first_bread, nicolae_ossuary_entry_giza,
          grunt_dithmenos_smoke_and_mirrors
D:5:      trog_eyes_of_draining, gammafunk_temple_overflow_claw, serial_shops,
          nicolae_shop_overgrown_old_shop
D:7:      serial_shops, kennysheep_mini, basic_altar
D:8:      grunt_temple_overflow_open, uniq_erica, uniq_psyche
Temple:   minmay_temple_bridge_abc
Ossuary:  ossuary_minmay_scorpions

Skill      XL: |  1  2  3  4  5  6  7  8  9 |
---------------+----------------------------+-----
Axes           | 4 5 6 7 8 9 11 12 | 12.2
Armour         | 4 5 6 7 |  7.0
Fighting       | 4 5 6 |  6.0
Dodging        | 1 3 4 |  4.6
Throwing       | 1 |  1.7
Shields        | |  3.6

Action                   |  1- 3 |  4- 6 |  7- 9 || total
-------------------------+-------+-------+-------++-------
Melee: War axe           |    43 |    21 |   228 ||   292
       Headbutt          |    10 |    29 |    54 ||    93
       Hand axe          |       |   106 |    67 ||   173
Throw: Tomahawk          |       |     8 |     5 ||    13
  Use: Potion            |     1 |     2 |     4 ||     7
       Scroll            |       |     8 |     9 ||    17
  Eat: Beef jerky        |       |     3 |       ||     3
       Chunk             |       |       |     5 ||     5
       Royal jelly       |       |       |     1 ||     1
Armor: Scale mail        |    23 |    40 |    34 ||    97
       Ring mail         |       |       |    64 ||    64
       Plate armour      |       |       |    29 ||    29
Dodge: Dodged            |     9 |    27 |    91 ||   127
Block: Shield            |    26 |    53 |   151 ||   230
